 Dungeon Sprint DCSS version 0.28-a0-224-g76b539d98b (webtiles) character file.

Game seed: 693917425636160890

127 MikeHunt the Quickloader (level 5, -11/38 HPs)
             Began as a Formicid Hunter on Aug 21, 2021.
             Was a Follower of Okawaru.
             Mangled by an orc warrior (13 damage)
             ... in the Dungeon (Sprint VII: "The Pits").
             The game lasted 00:01:35 (127 turns).

MikeHunt the Quickloader (Formicid Hunter)           Turns: 127, Time: 00:01:35

Health: -11/38     AC:  3    Str: 17    XL:     5   Next: 33%
Magic:  4/5        EV: 11    Int: 10    God:    Okawaru [*.....]
Gold:   0          SH:  0    Dex: 12    Spells: 4/4 levels left

rFire   . . .      SeeInvis +   a - +1 hand crossbow
rCold   . . .      Faith    .   (no shield)
rNeg    . . .      Spirit   .   c - +0 leather armour
rPois   .          Reflect  .   (helmet unavailable)
rElec   .          Harm     .   (no cloak)
rCorr   .          Rampage  .   (no gloves)
Will    .....                   (no boots)
Stlth   +.........              (no amulet)
HPRegen 0.12/turn               (no ring)
MPRegen 0.09/turn               (no ring)

@: no status effects
A: permanent stasis, dig shafts and tunnels, antennae 3, four strong arms
a: Dig, Renounce Religion, Heroism


You were in the Dungeon.
You worshipped Okawaru.
Okawaru was aware of your devotion.
You visited 1 branch

Inventory:

Hand Weapons
 a - a +1 hand crossbow (weapon)
 b - a +2 quarterstaff
 h - a +0 short sword
Missiles
 d - a bolt (quivered ammo)
Armour
 c - a +0 leather armour (worn)
Scrolls
 j - a scroll of summoning
Potions
 e - a potion of curing
 g - 4 potions of magic
 i - 2 potions of invisibility


   Skills:
 - Level 2.1 Fighting
 + Level 6.6 Staves
 + Level 8.1 Crossbows
 - Level 1.7 Dodging
 - Level 1.2 Stealth
 + Level 0.0 Invocations


You had 4 spell levels left.
You didn't know any spells.
Your spell library was empty.

Dungeon Overview and Level Annotations

Branches:
Dungeon (1/1)

Altars:
Ashenzari
Cheibriados
Dithmenos
Elyvilon
Fedhas
Gozag
Hepliaklqana
Kikubaaqudgha
Makhleb
Nemelex Xobeh
Okawaru
Qazlal
Ru
Sif Muna
Trog
Uskayaw
Vehumet
Wu Jian
Xom
Yredelemnul
Zin
The Shining One
Beogh
Jiyva
Lugonu


Innate Abilities, Weirdness & Mutations

You cannot be hasted, slowed, berserked, paralysed or teleported.
You can dig through walls and to a lower floor.
You have a pair of large antennae on your head. (SInv)
Your four strong arms can wield two-handed weapons with a shield.


Message History

Fire: 6 bolts
Press: ? - help, Q - select action, (/) - cycle Shift-Dir - straight line, f/p - orc warrior
Aim: an orc warrior, wielding a +0 short sword and wearing a +0 chain mail (moderately wounded, 68% to hit)
You shoot a bolt. The bolt hits the orc warrior!
The orc warrior is almost dead.
The orc barely misses you.
The orc warrior hits you with a +0 short sword.
Fire: 5 bolts
Press: ? - help, Q - select action, (/) - cycle Shift-Dir - straight line, f/p - orc warrior
Aim: an orc warrior, wielding a +0 short sword and wearing a +0 chain mail (almost dead, 68% to hit)
You shoot a bolt.
The bolt closely misses the orc warrior.
The orc hits you with a +0 falchion.
The orc warrior hits you with a +0 short sword.
Fire: 4 bolts
Press: ? - help, Q - select action, (/) - cycle Shift-Dir - straight line, f/p - orc warrior
Aim: an orc warrior, wielding a +0 short sword and wearing a +0 chain mail (almost dead, 68% to hit)
You shoot a bolt.
The bolt hits the orc warrior but does no damage.
The orc warrior is almost dead.
The orc misses you.
The orc warrior hits you with a +0 short sword.
Fire: 3 bolts
Press: ? - help, Q - select action, (/) - cycle Shift-Dir - straight line, f/p - orc warrior
Aim: an orc warrior, wielding a +0 short sword and wearing a +0 chain mail (almost dead, 68% to hit)
You shoot a bolt.
The bolt closely misses the orc warrior.
You feel like a meek peon again. The orc hits you with a +0 falchion!
* * * LOW HITPOINT WARNING * * *
The orc warrior completely misses you.
Fire: 2 bolts
Press: ? - help, Q - select action, (/) - cycle Shift-Dir - straight line, f/p - orc warrior
Aim: an orc warrior, wielding a +0 short sword and wearing a +0 chain mail (almost dead, 64% to hit)
You shoot a bolt.
The bolt closely misses the orc warrior.
The orc hits you with a +0 falchion.
* * * LOW HITPOINT WARNING * * *
The orc warrior hits you with a +0 short sword!
You die...

+#####'#####......#.
#..#..# #........
#..)..# ####'####
#.)#### #.......#
#..# .# #.......#
#..#.(# #.......#
##(#(.#+###...<...#
#..o(...(##.......#
#.@o.....##.......#
###########.......#
{ {{ ######### {{ {
{{{ { { { {


You could see an orc warrior and an orc.

Vanquished Creatures
  A floating eye (D)
  An adder (D)
  3 orcs (D)
  An endoplasm (D)
  A giant cockroach (D)
  2 kobolds (D)
  A quokka zombie (D)
10 creatures vanquished.

Notes
Turn   | Place    | Note
-------+----------+-------------------------------------------
     0 | D        | MikeHunt the Formicid Hunter began the quest for the Orb.
     0 | D        | Reached XP level 1. HP: 16/16 MP: 1/1
    38 | D        | Found a glowing golden altar of the Shining One.
    38 | D        | Found a glowing silver altar of Zin.
    38 | D        | Found a basalt altar of Yredelemnul.
    38 | D        | Found a shimmering altar of Xom.
    38 | D        | Found an ornate altar of the Wu Jian Council.
    38 | D        | Found a bloodstained altar of Trog.
    38 | D        | Found a shimmering blue altar of Sif Muna.
    38 | D        | Found a sacrificial altar of Ru.
    38 | D        | Found a stormy altar of Qazlal.
    38 | D        | Found an iron altar of Okawaru.
    38 | D        | Found a sparkling altar of Nemelex Xobeh.
    38 | D        | Found a burning altar of Makhleb.
    38 | D        | Found a viscous altar of Jiyva.
    38 | D        | Found a hazy altar of Hepliaklqana.
    38 | D        | Found an opulent altar of Gozag.
    38 | D        | Found a blossoming altar of Fedhas.
    38 | D        | Found a white marble altar of Elyvilon.
    38 | D        | Found a shadowy altar of Dithmenos.
    38 | D        | Found a snail-covered altar of Cheibriados.
    39 | D        | Found a radiant altar of Vehumet.
    39 | D        | Found a corrupted altar of Lugonu.
    40 | D        | Found an ancient bone altar of Kikubaaqudgha.
    40 | D        | Found a hide-covered altar of Uskayaw.
    40 | D        | Found a broken altar of Ashenzari.
    44 | D        | Became a worshipper of Warmaster Okawaru
    62 | D        | Reached skill level 1 in Staves
    73 | D        | Reached skill level 5 in Crossbows
    73 | D        | Reached XP level 2. HP: 21/22 MP: 2/2
    98 | D        | Noticed a floating eye
   106 | D        | Killed a floating eye
   106 | D        | Reached * piety under Okawaru
   107 | D        | Reached skill level 8 in Crossbows
   107 | D        | Reached XP level 3. HP: 25/27 MP: 3/3
   107 | D        | Reached XP level 4. HP: 31/33 MP: 4/4
   107 | D        | Reached XP level 5. HP: 36/38 MP: 5/5
   112 | D        | Noticed an orc warrior
   127 | D        | Mangled by an orc warrior

Illustrated notes

Levels and vault maps discovered:
D:        pitsprint [storerooms_1, entrance_room_1, metal_vault_3, armoury_3,
          mini_pit_1, grid_room_1, main_hall_1, silver_pit, the_coven_3,
          the_vestibule_1, steel_vault_4, golden_pit, hallway_of_sentries,
          crystal_vault_2, iron_vault_1, final_vault]

Skill      XL: |  1  2 |
---------------+-------+-----
Staves         | 2 6 |  6.6
Crossbows      | 5 8 |  8.1
Fighting       | |  2.1
Dodging        | |  1.7
Stealth        | |  1.2

Action                   |  1- 3 |  4- 6 || total
-------------------------+-------+-------++-------
Melee: Quarterstaff      |    10 |       ||    10
 Fire: Hand crossbow     |     9 |    14 ||    23
Invok: Heroism           |       |     1 ||     1
  Use: Potion            |       |     1 ||     1
Armor: Leather armour    |       |     1 ||     1
Dodge: Dodged            |     5 |    11 ||    16

Table legend: (Time is in decaauts)
 A = Elapsed time spent in this place.
 B = Non-inter-level travel time spent in this place.
 C = Inter-level travel time spent in this place.
 D = Time resting spent in this place.
 E = Time spent auto-exploring this place.
 F = Levels seen in this place.
 G = Mean time per level.
                   A        B        C        D        E       F      G
               +--------+--------+--------+--------+--------+-----+--------+
         Total |    127 |    127 |      0 |      0 |      0 |   1 |  127.0 |
       Dungeon |    127 |    127 |      0 |      0 |      0 |   1 |  127.0 |
               +--------+--------+--------+--------+--------+-----+--------+

Top non-repeatable levels by time:
       D: 127 daAuts
